 Dungeon Crawl Stone Soup version 0.27.1-37-g7b29ead8ac (console) character file.

Game seed: 10232167465176413883

9351 grimtooth the Jinx (level 11, -1/96 HPs)
             Began as a Kobold Enchanter on Mar 18, 2023.
             Was a Believer of Fedhas.
             Succumbed to a water moccasin's poison
             ... on level 1 of the Lair of Beasts.
             The game lasted 01:00:29 (16274 turns).

grimtooth the Jinx (Kobold Enchanter)              Turns: 16274, Time: 01:00:30

Health: -1/96      AC:  3    Str:  7    XL:     11   Next: 72%
Magic:  17/17      EV: 19    Int: 24    God:    Fedhas [**....]
Gold:   365        SH:  0    Dex: 16    Spells: 7/18 levels left

rFire    . . .     SeeInvis .   a - +1 dagger
rCold    . . .     Faith    .   (shield restricted)
rNeg     . . .     Spirit   .   F - +0 robe
rPois    .         Reflect  .   (no helmet)
rElec    .         Harm     .   v - +0 cloak
rCorr    .         Rampage  .   (no gloves)
Will     .....                  (no boots)
Stlth    ..........             (no amulet)
HPRegen  0.26/turn              x - +4 ring of slaying
MPRegen  0.15/turn              K - +6 ring of intelligence

@: mighty, berserking, lethally poisoned (-1 -> -8), very quick
A: small, no large weapons, nightstalker 3
a: Renounce Religion, Wall of Briars


You were on level 1 of the Lair of Beasts.
You worshipped Fedhas.
Fedhas was pleased with you.
You visited 3 branches of the dungeon, and saw 12 of its levels.

You collected 645 gold pieces.
You spent 280 gold pieces at shops.

Inventory:

Hand Weapons
 a - a +1 dagger (weapon)
 b - a +0 short sword of flaming
Missiles
 d - 35 stones
 e - a curare-tipped dart
 p - 8 boomerangs
 q - 76 poisoned darts (quivered)
Armour
 l - +0 acid dragon scales
 r - a scarf of invisibility
 v - a +0 cloak (worn)
 F - a +0 robe (worn)
Magical Staves
 E - a staff of fire
Jewellery
 g - a ring of willpower
 k - a ring of see invisible
 m - a ring of flight
 x - a +4 ring of slaying (left hand)
 J - a ring of willpower
 K - a +6 ring of intelligence (right hand)
 P - the ring of Eskoriu {rElec rCorr Str+3}
   (You found it on level 10 of the Dungeon)

   [ring of resist corrosion]

   Str:       It affects your strength (+3).
   rElec:     It insulates you from electricity.
   rCorr:     It protects you from acid and corrosion.
Wands
 t - a wand of mindburst (11)
 u - a wand of iceblast (10)
 w - a wand of flame (61)
 G - a wand of acid (6)
Scrolls
 f - 3 scrolls of magic mapping
 i - 2 scrolls of fear {unknown}
 j - 2 scrolls of blinking
 o - a scroll of summoning
 y - 3 scrolls of torment
 C - a scroll of acquirement {unknown}
 D - a scroll of immolation
 M - a scroll of fog {unknown}
 O - a scroll of silence {unknown}
Potions
 c - a potion of berserk rage
 h - a potion of brilliance {unknown}
 s - a potion of flight
 A - a potion of haste
 B - a potion of might
 H - a potion of magic
 I - a potion of invisibility {unknown}


   Skills:
 - Level 6.0 Fighting
 - Level 6.0 Short Blades
 + Level 8.0 Dodging
 - Level 9.0 Stealth
 - Level 4.0 Spellcasting
 - Level 12.0 Hexes
 - Level 6.0 Ice Magic


You had 7 spell levels left.
You knew the following spells:

 Your Spells              Type           Power      Damage    Failure   Level
a - Corona                Hex            64%        N/A       1%          1
b - Slow                  Hex            58%        N/A       1%          2
e - Ensorcelled Hibernat  Hex/Ice        96%        N/A       1%          2
t - Tukima's Dance        Hex            58%        N/A       1%          3
x - Confusing Touch       Hex            58%        N/A       1%          3

Your spell library contained the following spells:

 Spells                   Type           Power      Damage    Failure   Level
 Dazzling Flash           Conj/Hex       66%        N/A       2%          3
 Summon Guardian Golem    Hex/Summ       33%        N/A       2%          3
 Fulminant Prism          Conj/Hex       16%        3d11      9%          4
 Animate Skeleton         Necr           8%         N/A       10%         1
 Apportation              Tloc           8%         N/A       10%         1
 Magic Dart               Conj           16%        1d3       10%         1
 Summon Small Mammal      Summ           16%        N/A       10%         1
 Invisibility             Hex            29%        N/A       11%         6
 Blink                    Tloc           N/A        N/A       14%         2
 Searing Ray              Conj           8%         3d3       14%         2
 Call Canine Familiar     Summ           4%         N/A       28%         3
 Conjure Flame            Conj/Fire      4%         6-21      28%         3
 Ignite Poison            Fire/Tmut/Pois 4%         N/A       28%         3
 Vampiric Draining        Necr           2%         2d6       28%         3
 Sticky Flame             Conj/Fire      4%         2d3       67%         4
 Alistair's Intoxication  Tmut/Pois      2%         N/A       95%         5
 Iskenderun's Battlesphe  Conj           4%         2d6       95%         5
 Manifold Assault         Tloc           4%         N/A       95%         5
 Iron Shot                Conj/Erth      2%         9d2       100%        6
 Spellforged Servitor     Conj/Summ      2%         N/A       100%        7
 Storm Form               Tmut/Air       2%         N/A       100%        7


Dungeon Overview and Level Annotations

Branches:
Dungeon (10/15)            Temple (1/1) D:7            Lair (1/6) D:8
    Orc (0/2) D:10

Altars:
Ashenzari
Cheibriados
Dithmenos
Elyvilon
Fedhas
Gozag
Hepliaklqana
Kikubaaqudgha
Makhleb
Nemelex Xobeh
Okawaru
Qazlal
Ru
Sif Muna
Trog
Uskayaw
Vehumet
Wu Jian
Xom
Yredelemnul
Zin
The Shining One

Shops:
D:2 ?   D:3 :

Annotations:
D:6 2 transporters
D:8 1 runed translucent door, Ironcache's ghost, novice HuWn


Innate Abilities, Weirdness & Mutations

You are small and have problems with some larger weapons.
You are completely attuned to the shadows.


Message History

The water moccasin bites you.
* * * LOW HITPOINT WARNING * * *
You are lethally poisoned!
The water moccasin poisons you!
Okay, then.
Enter note: - god damn
Press: ? - help, v - describe, . - travel
Here: a cane toad (confused)
The floor.
Press: ? - help, v - describe, . - travel
Here: a water moccasin (severely wounded, slow)
The floor, spattered with blood.
Aiming: Iceblast
Press: ? - help, Shift-Dir - straight line, p - cane toad
Okay, then.
Aiming: Corrosive Bolt
Press: ? - help, Shift-Dir - straight line, f - water moccasin, p - cane toad
Aim: a water moccasin (severely wounded, slow, 53% to hit)
Okay, then.
Aiming: Mindburst
Press: ? - help, Shift-Dir - straight line, f - water moccasin, p - cane toad
Aim: a water moccasin (severely wounded, slow, chance to affect: 65%)
Okay, then.
Aiming: Iceblast
Press: ? - help, Shift-Dir - straight line, p - cane toad The mass of ice explodes!
The iceblast engulfs the water moccasin!
You kill the water moccasin!
Fedhas appreciates your contribution to the ecosystem.
* * * LOW HITPOINT WARNING * * *
You feel very sick.
Your Dodging skill increases to level 8!
Okay, then.
A red film seems to cover your vision as you go berserk!
You feel yourself moving faster!
You feel mighty!
* * * LOW HITPOINT WARNING * * *
You feel sick.
You feel a strong urge to attack something.
You die...
Fedhas appreciates your contribution to the ecosystem.

.....................♣♣♣...
.....................♣♣♣♣..
......................♣....
..........................
##........#####.....#.#..
##......######..........
#...........#.....#....
#....F.##....#..).#....
#.......#....#.........
.......##..............
P.....@##...#..........
#...........#.....P....
#......###..##....##.##
#......##P..#..........
...^.................
####.#.#.####..###P##
####### #### ###


You could see a cane toad (confused).

Vanquished Creatures
  Pikel (D:8)
  2 deep elf pyromancers
  A black mamba (Lair:1)
  2 komodo dragons
  2 cane toads (Lair:1)
  A troll (D:10)
  2 wyverns
  13 yaks
  Eustachio (D:4)
  Menkaure (D:4)
  2 water moccasins (Lair:1)
  2 black bears (D:8)
  A hornet zombie (D:9)
  An ogre (D:5)
  2 necrophages
  A lemure (D:8)
  2 kobold brigands
  4 bullfrogs
  A scorpion (D:6)
  A wyvern zombie (D:7)
  13 killer bees
  5 wights
  2 centaur zombies
  3 orc priests
  2 hounds
  Crazy Yiuf (D:3)
  A centaur skeleton (D:5)
  Terence (D:1)
  3 iguanas
  2 orc wizards
  2 killer bee zombies
  A hound skeleton (D:3)
  2 howler monkey zombies
  A howler monkey skeleton (D:7)
  4 adders
  2 ufetubi
  A worm (D:3)
  2 dart slugs
  19 orcs
  5 endoplasms
  2 giant cockroaches (D:2)
  5 goblins
  4 hobgoblins
  6 jackals
  7 quokkas
  4 ball pythons
  4 bats
  2 frilled lizards
  7 kobolds
  4 rats
  A spectral orc (D:3)
161 creatures vanquished.

Vanquished Creatures (collateral kills)
  2 two-headed ogres
  Maggie (D:9)
  A gargoyle (D:10)
  3 wights (D:7)
7 creatures vanquished.

Vanquished Creatures (others)
  3 fungi
  7 plants (Lair:1)
10 creatures vanquished.

Grand Total: 178 creatures vanquished

Notes
Turn   | Place    | Note
-------+----------+-------------------------------------------
     0 | D:1      | grimtooth the Kobold Enchanter began the quest for the Orb.
     0 | D:1      | Reached XP level 1. HP: 10/10 MP: 3/3
   774 | D:2      | Reached XP level 2. HP: 7/15 MP: 3/5
  1180 | D:2      | Noticed Terence
  1509 | D:2      | Found Nakiul's Magic Scroll Shoppe.
  1525 | D:2      | Bought a scroll of identify for 20 gold pieces
  1525 | D:2      | Bought a scroll of identify for 20 gold pieces
  1573 | D:2      | Reached skill level 4 in Hexes
  1573 | D:2      | Reached XP level 3. HP: 9/19 MP: 2/6
  1911 | D:2      | Found a stormy altar of Qazlal.
  2340 | D:3      | Reached XP level 4. HP: 22/24 MP: 5/7
  2617 | D:3      | Learned a level 2 spell: Ensorcelled Hibernation
  2621 | D:3      | Learned a level 3 spell: Confusing Touch
  2992 | D:3      | Reached skill level 5 in Hexes
  3467 | D:3      | Found a runed translucent door.
  3470 | D:3      | Noticed Crazy Yiuf
  3536 | D:3      | Found a glowing golden altar of the Shining One.
  3567 | D:3      | Found Suasher's Book Emporium.
  3617 | D:3      | Found a faded altar of an unknown god.
  3779 | D:3      | Found a basalt altar of Yredelemnul.
  4116 | D:4      | Noticed a kobold brigand
  4127 | D:4      | Killed a kobold brigand
  4128 | D:4      | Reached XP level 5. HP: 13/28 MP: 5/8
  4295 | D:4      | Found a shimmering altar of Xom.
  4418 | D:4      | Reached skill level 6 in Hexes
  4594 | D:4      | Noticed Menkaure
  4673 | D:4      | Noticed a +0 spear
  4673 | D:4      | Noticed a +0 short sword
  4674 | D:4      | Noticed a +0 dagger
  4674 | D:4      | Noticed a +0 short sword
  4675 | D:4      | Noticed a +0 spear
  4675 | D:4      | Noticed a +0 falchion
  4677 | D:4      | Noticed a +0 dagger
  4693 | D:4      | Noticed a +0 falchion
  5378 | D:4      | Found a hide-covered altar of Uskayaw.
  5378 | D:4      | Noticed Eustachio
  5446 | D:4      | Found a shimmering blue altar of Sif Muna.
  5797 | D:4      | Learned a level 3 spell: Tukima's Dance
  5947 | D:1      | Killed Terence
  5948 | D:1      | Reached XP level 6. HP: 32/32 MP: 5/10
  6084 | D:5      | Entered Level 5 of the Dungeon
  6697 | D:5      | Noticed an ogre
  7072 | D:5      | Killed an ogre
  7073 | D:5      | Reached skill level 5 in Stealth
  7073 | D:5      | Reached XP level 7. HP: 36/36 MP: 10/12
  7862 | D:2      | Bought a scroll of identify for 20 gold pieces
  7862 | D:2      | Bought a scroll of blinking for 75 gold pieces
  7862 | D:2      | Bought a scroll of identify for 20 gold pieces
  7967 | D:6      | Found a white marble altar of Elyvilon.
  8081 | D:6      | Found a transporter.
  8533 | D:6      | Noticed a kobold demonologist
  8612 | D:6      | Found a transporter.
  8835 | D:6      | Found a burning altar of Makhleb.
  8848 | D:6      | Reached skill level 5 in Short Blades
  8848 | D:6      | Reached XP level 8. HP: 39/41 MP: 6/14
  9059 | D:6      | Learned a level 2 spell: Slow
  9298 | D:7      | Noticed a deep elf pyromancer
  9302 | D:7      | Killed a deep elf pyromancer
  9303 | D:7      | Reached skill level 7 in Hexes
  9303 | D:7      | Reached XP level 9. HP: 45/45 MP: 15/15
  9507 | D:7      | Found a staircase to the Ecumenical Temple.
  9513 | Temple   | Entered the Ecumenical Temple
  9600 | Temple   | Became a worshipper of Fedhas Madash
 10076 | D:3      | Reached skill level 5 in Dodging
 10076 | D:3      | Reached skill level 8 in Hexes
 10128 | D:3      | Killed Crazy Yiuf
 10211 | D:4      | Killed Eustachio
 10290 | D:4      | Killed Menkaure
 10740 | D:8      | Noticed Pikel
 10751 | D:8      | Killed Pikel
 10752 | D:8      | Reached skill level 9 in Hexes
 10796 | D:8      | Reached XP level 10. HP: 55/56 MP: 7/16
 11339 | D:8      | Found a runed translucent door.
 11341 | D:8      | Noticed Ironcache's ghost (novice HuWn)
 11341 | D:8      | Noticed a manticore
 11368 | D:8      | Found a hazy altar of Hepliaklqana.
 11383 | D:8      | Noticed a deep elf pyromancer
 11387 | D:8      | Noticed a gargoyle
 11506 | D:8      | Killed a deep elf pyromancer
 11601 | D:8      | Found a staircase to the Lair.
 11782 | D:8      | Noticed a five-headed hydra
 11783 | D:8      | Identified the ring "Rocsixa" {rPois rF+ Int+6}
 11783 | D:8      | Noticed a cyclops
 11783 | D:8      | Noticed a deep elf pyromancer
 11928 | D:8      | Reached skill level 10 in Hexes
 11928 | D:8      | Reached skill level 1 in Ice Magic
 11954 | D:8      | Reached * piety under Fedhas
 12098 | D:8      | Noticed a two-headed ogre
 12128 | D:8      | Killed a two-headed ogre
 12437 | D:8      | Noticed a two-headed ogre
 12439 | D:8      | Noticed a manticore
 12814 | D:9      | Noticed a two-headed ogre
 12832 | D:9      | Killed a two-headed ogre
 13353 | D:9      | Noticed Maggie
 13384 | D:9      | Killed Maggie
 13385 | D:9      | Reached skill level 11 in Hexes
 13668 | D:2      | Bought a scroll of summoning for 95 gold pieces
 13668 | D:2      | Bought a scroll of teleportation for 30 gold pieces
 13990 | D:9      | Reached XP level 11. HP: 64/64 MP: 14/17
 14181 | D:10     | Entered Level 10 of the Dungeon
 14288 | D:10     | HP: 3/64 [gargoyle/stone arrow (7)]
 14788 | D:10     | Identified the ring of Eskoriu {rElec rCorr Str+3}
 14905 | D:10     | Found a staircase to the Orcish Mines.
 15009 | D:10     | Noticed a sea snake
 15135 | D:10     | Reached skill level 12 in Hexes
 15135 | D:10     | Reached skill level 5 in Ice Magic
 15177 | D:10     | Identified the +5 ring mail of Dramatic Exits {rElec Regen+
                  | Int-2 Dex-4}
 15336 | D:10     | Reached ** piety under Fedhas
 15426 | D:10     | Noticed a sea snake
 15656 | Lair:1   | Entered Level 1 of the Lair of Beasts
 15815 | Lair:1   | Noticed a six-headed hydra
 16264 | Lair:1   | HP: 2/64 [poisoned by a cane toad]
 16272 | Lair:1   | - god damn
 16272 | Lair:1   | HP: 2/64 [poisoned by a water moccasin]
 16274 | Lair:1   | Succumbed to a water moccasin's poison

Illustrated notes

......................♣♣..
.....................♣♣♣..
.....................♣♣♣♣.
......................♣...
.........................
##........#####.....#.#.
##......######.........
#.F.........#.....#...
#......##....#..).#...
#...S...#....#........
.....@.##.............
P......##...#.........
#...........#.....P...
#......###..##....##.#
#......##P..#.........
...^................
####.#.#.####..###P#
####### #### ###


Turn 16272 on Lair:1: - god damn

Levels and vault maps discovered:
D:1:      dpeg_arrival_radiant, layout_loops_cross
D:2:      layout_basic, serial_shops, shop, basic_altar, uniq_terence
D:3:      cheibrodos_helix_gallery, layout_basic,
          yredelemnul_forgotten_temple_becter, nicolae_tso_carved_into_rock,
          hellmonk_ecumenical_altar_inner_sanctum, serial_shops,
          nicolae_shop_stone, uniq_crazy_yiuf_cottage
D:4:      layout_basic, lemuel_doored_altar, mainiacjoe_overflow_cross_hatched,
          nicolae_uskayaw_en_pointe, uniq_menkaure, uniq_eustachio
D:5:      layout_basic, minivault_1
D:6:      gammafunk_wand_slinger, layout_loops_corners, elyvilon_altar_5,
          kennysheep_mini_moat, minmay_misc_feat_more_columns
D:7:      layout_gridville, temple_pool_b
D:8:      layout_basic, nicolae_overflow_crystal_walls, david_lair_generic,
          ebering_ghost_inner_flame, minmay_misc_feat_tower, minivault_12,
          uniq_pikel
D:9:      layout_basic, uniq_maggie
D:10:     layout_roguey, orc_0_dummy, serial_aquarium, aquarium_bridge_square
          [aquarium_subvault_bridge, aquarium_subvault_bridge,
          aquarium_subvault_wall, aquarium_subvault_balcony],
          aquarium_window_corridor_1, aquarium_window_1, aquarium_view_2c,
          aquarium_balcony_5a, aquarium_pool_corner
Temple:   eino_temple_water
Lair:1:   layout_regular_city, nicolae_lair_grove_arrangements,
          infiniplex_staircase_pool, minmay_lair_oklob_chamber,
          grunt_megastairs_4

Skill      XL: |  1  2  3  4  5  6  7  8  9 10 11 |
---------------+----------------------------------+-----
Hexes          | 4 5 6 7 9 11 12 | 12.0
Spellcasting   | 3 4 |  4.0
Short Blades   | 2 5 6 |  6.0
Stealth        | 5 7 9 |  9.0
Dodging        | 3 6 8 |  8.0
Fighting       | 3 6 |  6.0
Ice Magic      | 3 6 |  6.0

Action                   |  1- 3 |  4- 6 |  7- 9 | 10-12 || total
-------------------------+-------+-------+-------+-------++-------
Melee: Dagger            |    78 |   154 |    70 |   142 ||   444
Throw: Stone             |       |     3 |       |       ||     3
       Dart              |       |       |     2 |       ||     2
 Cast: Corona            |    18 |    23 |     7 |     4 ||    52
       Ensorcelled Hiber |       |    21 |    30 |    49 ||   100
       Tukima's Dance    |       |     1 |     5 |     8 ||    14
       Confusing Touch   |       |     1 |     5 |     7 ||    13
       Slow              |       |       |     7 |    24 ||    31
Evoke: Wand              |       |     1 |       |     8 ||     9
  Use: Scroll            |     4 |     1 |     9 |     7 ||    21
       Potion            |       |       |       |     9 ||     9
 Stab: Sleeping          |    15 |    21 |    32 |    38 ||   106
       Distracted        |       |     1 |       |       ||     1
       Confused          |       |       |     7 |     8 ||    15
Armor: Robe              |    13 |    12 |     9 |    11 ||    45
Dodge: Dodged            |    63 |    86 |    35 |   128 ||   312
